 Dungeon Crawl Stone Soup version 0.28.0-43-g3370ac3207 (webtiles) character file.

Game seed: 23124611030435124

501 rlgrobin the Cleaver (level 7, -1/57 HPs)
             Began as a Hill Orc Cinder Acolyte on Mar 4, 2022.
             Was an Elder of Ignis.
             Slain by Duvessa
             ... wielding a +0 short sword
              (11 damage)
             ... on level 4 of the Dungeon.
             The game lasted 00:08:06 (5921 turns).

rlgrobin the Cleaver (Hill Orc Cinder Acolyte)      Turns: 5921, Time: 00:08:07

Health: -1/57      AC:  8    Str: 17 (19) XL:     7   Next: 17%
Magic:  8/8        EV: 10    Int: 14      God:    Ignis [****..]
Gold:   229        SH:  0    Dex:  3 (6)  Spells: 6/8 levels left

rFire   + . .      SeeInvis .   a - -1 hand axe (flame)
rCold   . . .      Faith    .   (no shield)
rNeg    . . .      Spirit   .   i - +0 ring mail
rPois   +          Reflect  .   z - +0 helmet
rElec   .          Harm     .   (no cloak)
rCorr   .          Rampage  .   d - +0 pair of gloves
Will    .....      Clarity  +   c - +0 pair of boots
Stlth   ..........              (no amulet)
HPRegen 0.19/turn               (no ring)
MPRegen 0.11/turn               (no ring)

@: no status effects
A: clarity, deterioration 1, poison resistance
a: Renounce Religion, Fiery Armour, Foxfire Swarm


You were on level 4 of the Dungeon.
You worshipped Ignis.
Ignis was greatly pleased with you.
You visited 2 branches of the dungeon, and saw 6 of its levels.
You also visited: Sewer.

You collected 229 gold pieces.

Inventory:

Hand Weapons
 a - a -1 hand axe of flaming (weapon)
 b - a +0 hunting sling
Missiles
 j - 5 curare-tipped darts (quivered)
 q - 72 sling bullets
 v - a boomerang
 y - 4 poisoned darts
Armour
 c - a +0 pair of boots (worn)
 d - a +0 pair of gloves (worn)
 i - a +0 ring mail (worn)
 z - a +0 helmet (worn)
Magical Staves
 e - a staff of air
Scrolls
 k - 2 scrolls of vulnerability
 l - a scroll of immolation
 o - 2 scrolls of noise
 p - a scroll of enchant armour
 r - 2 scrolls of enchant weapon
 s - a scroll of fog
 t - a scroll of blinking
 w - a scroll of teleportation
Potions
 h - 3 potions of mutation
 m - 3 potions of degeneration
 n - a potion of heal wounds
 u - 6 potions of flight


   Skills:
 - Level 3.6 Fighting
 + Level 9.9 Axes
 - Level 2.0 Throwing
 - Level 1.0 Spellcasting
 - Level 3.2 Fire Magic


You had 6 spell levels left.
You knew the following spells:

 Your Spells              Type           Power      Damage    Failure   Level
a - Scorch                Fire           18%        2d6       19%         2

Your spell library contained the following spells:

 Spells                   Type           Power      Damage    Failure   Level
 Beastly Appendage        Tmut           0%         N/A       43%         1
 Sublimation of Blood     Necr           0%         N/A       58%         2
 Wereblood                Tmut           0%         N/A       58%         2
 Spider Form              Tmut/Pois      0%         N/A       82%         3
 Summon Hydra             Summ           0%         N/A       100%        7


Dungeon Overview and Level Annotations

Branches:
Dungeon (5/15)             Temple (1/1) D:4           Sewer (visited)

Altars:
Ashenzari
Cheibriados
Dithmenos
Elyvilon
Fedhas
Gozag
Hepliaklqana
Kikubaaqudgha
Makhleb
Nemelex Xobeh
Okawaru
Qazlal
Ru
Trog
Uskayaw
Vehumet
Wu Jian
Xom
Yredelemnul
Zin
The Shining One

Annotations:
D:4 Blork the orc, Duvessa


Innate Abilities, Weirdness & Mutations

You possess an exceptional clarity of mind.
Your body sometimes deteriorates upon taking damage.
Your system is resistant to poisons. (rPois)


Message History

You feel clumsy.
You take 11 damage, and have 38/57 hp.
Duvessa closely misses you. Duvessa barely misses you.
Duvessa rages.
Duvessa hits you with a +0 short sword!
* * * LOW HITPOINT WARNING * * *
You take 8 damage, and have 31/57 hp.
An orc comes into view. It is wielding a +0 dagger.
The orc shouts!
Duvessa barely misses you.
An orc comes into view. It is wielding a +0 short sword.
Duvessa hits you with a +0 short sword.
* * * LOW HITPOINT WARNING * * *
You take 2 damage, and have 29/57 hp.
Blork the orc gestures at you while chanting.
The puff of frost hits you.
* * * LOW HITPOINT WARNING * * *
Duvessa hits you but does no damage.
You take 3 damage, and have 27/57 hp.
Blork the orc screams, "I'm going to kill you!"
Duvessa hits you with a +0 short sword!
* * * LOW HITPOINT WARNING * * *
Your body deteriorates!
You feel weakened.
You take 9 damage, and have 18/57 hp.
Duvessa hits you with a +0 short sword.
* * * LOW HITPOINT WARNING * * *
You take 2 damage, and have 16/57 hp.
Duvessa hits you but does no damage. Duvessa hits you with a +0 short sword!
* * * LOW HITPOINT WARNING * * *
Your body deteriorates!
You feel weakened.
You take 7 damage, and have 9/57 hp.
Press: ? - help, v - describe, . - travel
Here: Duvessa, wielding a +0 short sword and wearing a +2 scale mail of fire resistance (berserk)
The floor, spattered with blood.
Duvessa hits you with a +0 short sword!
You die...

...#.#.#.#.#......#
..................#
......#...#.#######
......#..o.....###
........##.###...###
......#.##.# ###...######
......#....# #o.......#
......#.#### #e.......#
......#...######@.......#
.##.#.#.#...............#
.>#.....########........#
#..#......# #........#
##....###.#### #........#
###..........# ##########
#...##...###.#
..#####...##.## ###
#.#.##..#


You could see Duvessa (berserk) and an orc.

Vanquished Creatures
  A necrophage (D:3)
  A scorpion (D:4)
  Terence (D:2)
  An iguana (D:4)
  A hound skeleton (D:4)
  9 adders
  5 river rats (Sewer)
  2 dart slugs (D:1)
  An orc (D:4)
  8 ball pythons
  10 endoplasms
  8 giant cockroaches
  8 goblins
  4 hobgoblins
  8 jackals
  6 kobolds
  5 quokkas
  12 bats
  4 frilled lizards
  9 rats
104 creatures vanquished.

Vanquished Creatures (collateral kills)
  Dowan (D:4)
1 creature vanquished.

Vanquished Creatures (others)
  11 foxfires (D:4)
11 creatures vanquished.

Grand Total: 116 creatures vanquished

Notes
Turn   | Place    | Note
-------+----------+-------------------------------------------
     0 | D:1      | rlgrobin the Hill Orc Cinder Acolyte began the quest for
                  | the Orb.
     0 | D:1      | Reached XP level 1. HP: 19/19 MP: 2/2
   408 | D:1      | Reached XP level 2. HP: 25/26 MP: 3/3
   411 | D:1      | Learned a level 2 spell: Scorch
   690 | D:1      | Reached skill level 5 in Axes
   905 | D:1      | Reached XP level 3. HP: 31/31 MP: 4/4
  1431 | D:2      | Noticed Terence
  1437 | D:2      | Killed Terence
  1438 | D:2      | Reached skill level 6 in Axes
  1438 | D:2      | Reached XP level 4. HP: 39/39 MP: 5/5
  2224 | D:3      | Found a glowing drain.
  2286 | D:3      | Found a faded altar of an unknown god.
  2392 | D:3      | Reached skill level 7 in Axes
  2401 | Sewer    | Entered a sewer
  2411 | Sewer    | Reached XP level 5. HP: 42/45 MP: 6/6
  2450 | Sewer    | Reached skill level 1 in Throwing
  3442 | D:3      | Reached XP level 6. HP: 46/46 MP: 7/7
  3518 | D:3      | Noticed a necrophage
  3526 | D:3      | Killed a necrophage
  3527 | D:3      | Reached skill level 8 in Axes
  4188 | D:4      | Noticed Blork the orc
  4466 | D:4      | Noticed Dowan
  4469 | D:4      | Noticed Duvessa
  4470 | D:4      | Gained mutation: Your system is resistant to poisons.
                  | (rPois) [potion of mutation]
  4470 | D:4      | Gained mutation: You possess an exceptional clarity of
                  | mind. [potion of mutation]
  4470 | D:4      | Gained mutation: Your body sometimes deteriorates upon
                  | taking damage. [potion of mutation]
  4489 | D:4      | Killed Dowan
  4490 | D:4      | Reached skill level 9 in Axes
  5017 | D:4      | Found a staircase to the Ecumenical Temple.
  5069 | D:4      | Reached XP level 7. HP: 47/57 MP: 8/8
  5329 | D:5      | Entered Level 5 of the Dungeon
  5361 | Temple   | Entered the Ecumenical Temple
  5921 | D:4      | Slain by Duvessa

Illustrated notes

Levels and vault maps discovered:
D:1:      dpeg_arrival_connections, layout_basic
D:2:      layout_basic, uniq_terence
D:3:      layout_rooms, ebering_ecumenical_altar_mist, gup_sewer_entry_glass,
          minmay_misc_feat_cross, roderic_lattice_a, nrook_campfire,
          minmay_starry_boxes
D:4:      layout_rooms, minmay_temple_entry_glass, uniq_duvessa,
          uniq_blork_the_orc
D:5:      layout_rooms, ebering_ghost_rock_garden, uniq_grinder, uniq_menkaure
Temple:   mainiacjoe_temple_trianglar_array

Skill      XL: |  1  2  3  4  5  6 |
---------------+-------------------+-----
Axes           | 5 6 7 9 |  9.9
Throwing       | 2 |  2.0
Fighting       | |  3.6
Spellcasting   | |  1.0
Fire Magic     | |  3.2

Action                   |  1- 3 |  4- 6 |  7- 9 || total
-------------------------+-------+-------+-------++-------
Melee: Hand axe          |    68 |   233 |    22 ||   323
Invok: Fiery Armour      |     1 |     2 |       ||     3
       Foxfire Swarm     |       |     1 |       ||     1
       Rising Flame      |       |     1 |       ||     1
  Use: Potion            |       |     5 |     1 ||     6
       Scroll            |       |     8 |     2 ||    10
Armor: Plate armour      |    40 |   187 |     5 ||   232
       Ring mail         |       |       |     9 ||     9
Dodge: Dodged            |    17 |    69 |    20 ||   106
